 Dungeon Crawl Stone Soup version 0.28-a0-687-gb91baff9cc (webtiles) character file.

Game seed: 7230222935229530062

167 kipponium the Twirler (level 5, -6/41 HPs)
             Began as a Formicid Fighter on Oct 19, 2021.
             Mangled by Sigmund (9 damage)
             ... on level 3 of the Dungeon.
             The game lasted 00:10:25 (3045 turns).

kipponium the Twirler (Formicid Fighter)            Turns: 3045, Time: 00:10:25

Health: -6/41      AC:  6    Str: 21    XL:     5   Next: 76%
Magic:  5/5        EV:  9    Int:  8    God:
Gold:   42         SH:  4    Dex: 10    Spells: 4/4 levels left

rFire   . . .      SeeInvis +   a - +1 quarterstaff (spect)
rCold   . . .      Faith    .   c - +0 buckler
rNeg    . . .      Spirit   .   b - +0 scale mail
rPois   .          Reflect  .   (helmet unavailable)
rElec   .          Harm     .   q - scarf {+Inv}
rCorr   .          Rampage  .   (no gloves)
Will    .....                   (no boots)
Stlth   ..........              (no amulet)
HPRegen 0.13/turn               (no ring)
MPRegen 0.09/turn               (no ring)

@: very slow
A: permanent stasis, dig shafts and tunnels, antennae 3, four strong arms
a: Dig, Shaft Self, Evoke Invisibility


You were on level 3 of the Dungeon.
You visited 1 branch of the dungeon, and saw 3 of its levels.
You also visited: Sewer.

You collected 77 gold pieces.
You spent 35 gold pieces at shops.

Inventory:

Hand Weapons
 a - a +1 spectral quarterstaff (weapon)
Missiles
 j - 13 sling bullets
 s - 6 javelins
Armour
 b - a +0 scale mail (worn)
 c - a +0 buckler (worn)
 q - a scarf of invisibility (worn)
Magical Staves
 k - a staff of earth
Scrolls
 g - 2 scrolls of summoning {unknown}
 n - a scroll of immolation
 r - a scroll of enchant armour {unknown}
 t - 2 scrolls of brand weapon
 u - a scroll of fear {unknown}
Potions
 d - a potion of might
 f - 2 potions of mutation {unknown}
 h - a potion of attraction {unknown}
 i - 5 potions of heal wounds {unknown}
 l - 3 potions of resistance
 m - 2 potions of lignification {unknown}
 o - a potion of brilliance {unknown}
 p - a potion of flight


   Skills:
 - Level 3.2 Fighting
 * Level 5.5 Staves
 - Level 3.2 Armour
 - Level 3.6 Shields


You had 4 spell levels left.
You didn't know any spells.
Your spell library was empty.

Dungeon Overview and Level Annotations

Branches:
Dungeon (3/15)              Sewer (visited)

Altars:

Shops:
D:2 *

Annotations:
D:3 Sigmund


Innate Abilities, Weirdness & Mutations

You cannot be hasted, slowed, berserked, paralysed or teleported.
You can dig through walls and to a lower floor.
You have a pair of large antennae on your head. (SInv)
Your four strong arms can wield two-handed weapons with a shield.


Message History

The magic dart hits you!
Something tries to affect you, but you resist.
Your transformation has ended.
Your +1 spectral quarterstaff unmelds from your body.
Your scarf of invisibility unmelds from your body.
Your +0 buckler unmelds from your body.
Your +0 scale mail unmelds from your body.
You feel a bond with your your +1 spectral quarterstaff.
You become transparent for a moment.
Sigmund splashes around in the water.
Sigmund splashes around in the water.
You enter the shallow water.
Moving in this stuff is going to be slow.
Sigmund hits you with a +0 scythe!
You closely miss Sigmund.
Your +1 spectral quarterstaff closely misses Sigmund.
Sigmund closely misses you.
Your unstable footing causes you to fumble your attack.
Your unstable footing causes you to fumble your attack.
Sigmund hits you but does no damage.
You closely miss Sigmund.
Your +1 spectral quarterstaff closely misses Sigmund.
Sigmund gestures at you while chanting. You resist with some effort.
You hit Sigmund but do no damage.
Your +1 spectral quarterstaff hits Sigmund!!
Sigmund barely misses you.
Your unstable footing causes you to fumble your attack.
Your unstable footing causes you to fumble your attack.
Sigmund casts a spell at you. The puff of flame hits you!
Your unstable footing causes you to fumble your attack.
You are engulfed in a cloud of scalding steam.
* * * LOW HITPOINT WARNING * * *
Sigmund splashes around in the water.
Your unstable footing causes you to fumble your attack.
You are engulfed in a cloud of scalding steam.
* * * LOW HITPOINT WARNING * * *
Sigmund hits you with a +0 scythe!
You die...

#.. .#########.# .#.#
......{.{..# ..#.#
#########.## #.#.# #.#
#.#<# #.## #.#.# #..#
#######.#.# ###.#
........#.# ########.≈.#
....#...#.#####.@@≈≈≈≈.≈≈#
...###.......#≈.≈≈≈≈≈≈.≈##
..## ##...##.#..#########
...# #..####.#..≈≈≈≈≈≈##
..#.#.#.# #.##≈.....≈.##
#....##)# #..##≈≈≈≈≈≈..#
..#####)# #.#########..#
.## #.####.#≈≈≈≈≈≈≈≈≈≈# .#
#..........†≈≈≈≈≈##


You could see Sigmund.

Vanquished Creatures
  A centaur skeleton (D:3)
  An orc wizard (D:3)
  3 adders
  A worm (D:2)
  3 dart slugs (D:1)
  2 orcs (D:3)
  7 ball pythons
  4 endoplasms
  5 giant cockroaches
  2 goblins
  2 hobgoblins (D:1)
  6 jackals (Sewer)
  11 kobolds
  5 quokkas
  5 bats
  9 frilled lizards
  5 rats
  A spectral goblin (D:1)
73 creatures vanquished.

Vanquished Creatures (others)
  8 plants (Sewer)
8 creatures vanquished.

Grand Total: 81 creatures vanquished

Notes
Turn   | Place    | Note
-------+----------+-------------------------------------------
     0 | D:1      | kipponium the Formicid Fighter began the quest for the Orb.
     0 | D:1      | Reached XP level 1. HP: 18/18 MP: 1/1
   103 | D:1      | Found a faded altar of an unknown god.
   171 | D:1      | Reached XP level 2. HP: 24/24 MP: 2/2
   331 | D:1      | Reached skill level 3 in Staves
   477 | D:1      | Reached XP level 3. HP: 29/29 MP: 3/3
  1251 | D:2      | Found Banyj's General Store.
  1258 | D:2      | Bought a scroll of immolation for 35 gold pieces
  1369 | D:2      | Reached skill level 4 in Staves
  1369 | D:2      | Reached XP level 4. HP: 35/35 MP: 4/4
  2059 | D:3      | Reached XP level 5. HP: 37/41 MP: 5/5
  2064 | D:3      | Reached skill level 5 in Staves
  2133 | D:3      | Found a glowing drain.
  2154 | Sewer    | Entered a sewer
  3006 | D:3      | Noticed Sigmund
  3045 | D:3      | Mangled by Sigmund

Illustrated notes

Levels and vault maps discovered:
D:1:      saegor_arrival_simple_c, layout_loops_cross,
          dreamdust_ecumenical_altar_drowned_temple, minmay_misc_feat_square,
          grunt_decor_one_mirror, minmay_crystal_room
D:2:      layout_loops_cross, serial_shops, shop, grunt_ministairs_12
D:3:      layout_loops_ring, bloody_trog, overflow_temple_1_default,
          lightli_temple_of_fire, gup_sewer_entry_pipe, uniq_robin, uniq_sigmund

Skill      XL: |  1  2  3  4  5 |
---------------+----------------+-----
Staves         | 3 4 5 |  5.5
Fighting       | |  3.2
Armour         | |  3.2
Shields        | |  3.6

Action                   |  1- 3 |  4- 6 || total
-------------------------+-------+-------++-------
Melee: Quarterstaff      |    78 |   106 ||   184
       Unarmed           |       |     1 ||     1
 Abil: Dig               |       |     6 ||     6
  Use: Scroll            |       |     6 ||     6
 Stab: Distracted        |       |     1 ||     1
Armor: Scale mail        |    30 |    29 ||    59
Dodge: Dodged            |    26 |    26 ||    52
Block: Buckler           |    20 |    13 ||    33

Table legend: (Time is in decaauts)
 A = Elapsed time spent in this place.
 B = Non-inter-level travel time spent in this place.
 C = Inter-level travel time spent in this place.
 D = Time resting spent in this place.
 E = Time spent auto-exploring this place.
 F = Levels seen in this place.
 G = Mean time per level.
                   A        B        C        D        E       F      G
               +--------+--------+--------+--------+--------+-----+--------+
         Total |   3269 |   3093 |    176 |    383 |   1881 |   4 |  817.2 |
       Dungeon |   2247 |   2071 |    176 |    363 |   1242 |   3 |  749.0 |
         Sewer |   1021 |   1021 |      0 |     20 |    639 |   1 | 1021.0 |
               +--------+--------+--------+--------+--------+-----+--------+

Top non-repeatable levels by time:
     D:2: 1216 daAuts
   Sewer: 1021 daAuts
     D:1: 825 daAuts
     D:3: 206 daAuts
